Map: Heavy Artillery LE

Players

Lunde - Winner!

  • Race: Protoss Protoss
  • League: Master
  • Spawn Location: 7:00

Bacaladitos - Winner!

  • Race: Protoss Protoss
  • Spawn Location: 7:00

qqq

  • Race: Terran Terran
  • Spawn Location: 3:00

Massa

  • Race: Terran Terran
  • League: Platinum
  • Spawn Location: 1:00

VOD

Have the link to the VOD?

Description

Time

  • Played on: Nov. 7, 2020, 8:37 a.m.
  • Length: 17:37
Show
View Real Time Build Order
Export as new Build Order

Lunde Protoss - Winner!

Build Orders:  

Get SALT Encoding   

  12  0:00  Probe  
  13  0:13  Probe  
  14  0:24  Pylon  
  14  0:28  Probe  
  15  0:42  Probe (Chrono Boost)  
  16  0:48  Gateway  
  16  0:54  Probe (Chrono Boost)  
  16  0:55  Assimilator  
  17  1:02  Probe (Chrono Boost)  
  18  1:07  Assimilator  
  18  1:08  Probe  
  19  1:20  Probe  
  20  1:26  Gateway  
  20  1:32  Probe  
  21  1:40  Cybernetics Core  
  21  1:45  Probe  
  22  1:49  Pylon  
  22  1:57  Probe  
  23  2:09  Probe  
  24  2:21  Robotics Facility  
  24  2:22  Probe  
  24  2:23  Warp Gate (Chrono Boost)  
  24  2:24  Stalker x2  
  28  2:45  Twilight Council  
  28  2:48  Pylon  
  28  3:08  Warp Prism  
  28  3:11  Robotics Bay  
  30  3:22  Pylon  
  30  3:25  Charge  
  30  3:44  Nexus  
  30  3:46  Observer (Chrono Boost)  
  31  4:03  Disruptor (Chrono Boost)  
  34  4:11  Assimilator  
  34  4:13  Assimilator  
  34  4:15  Pylon  
  34  4:18  Probe (Chrono Boost)  
  35  4:30  Probe (Chrono Boost)  
  36  4:32  Disruptor  
  36  4:38  Probe (Chrono Boost)  
  40  4:45  Probe  
  41  4:55  Probe (Chrono Boost)  
  41  4:57  Zealot x2  
  41  4:58  Probe (Chrono Boost)  
  47  5:03  Gravitic Drive  
  47  5:08  Probe (Chrono Boost)  
  47  5:10  Probe (Chrono Boost)  
  49  5:17  Probe (Chrono Boost)  
  49  5:18  Probe (Chrono Boost)  
  51  5:22  Probe (Chrono Boost)  
  51  5:23  Probe  
  53  5:34  Probe (Chrono Boost), Stalker x2  
  58  5:42  Probe (Chrono Boost)  
  59  5:45  Probe (Chrono Boost)  
  61  5:50  Probe (Chrono Boost)  
  61  6:14  Probe x2  
  63  6:26  Probe x2  
  63  6:28  Gateway, Nexus  
  63  6:30  Pylon  
  63  6:32  Pylon  
  65  6:35  Gateway  
  65  6:39  Gateway  
  65  6:42  Gateway  
  65  6:45  Pylon  
  65  6:48  Pylon  
  65  6:58  Probe x2  
  67  7:02  Zealot x2  
  67  7:10  Probe x2  
  67  7:14  Shield Battery x2  
  65  7:22  Stalker x2  
  54  7:40  Stalker  
  54  7:41  Stalker x3  
  59  7:57  Disruptor, Blink (Chrono Boost)  
  62  8:01  Zealot x2  
  66  8:07  Pylon  
  66  8:08  Probe (Chrono Boost)  
  66  8:11  Probe x2 (Chrono Boost)  
  66  8:12  Shield Battery  
  69  8:15  Shield Battery  
  69  8:18  Probe (Chrono Boost), Forge  
  72  8:20  Forge  
  72  8:21  Probe (Chrono Boost)  
  72  8:22  Templar Archives  
  72  8:23  Probe (Chrono Boost)  
  73  8:27  Probe (Chrono Boost), Stalker x3  
  73  8:30  Zealot  
  73  8:31  Probe (Chrono Boost)  
  83  8:35  Probe (Chrono Boost)  
  83  8:36  Probe (Chrono Boost)  
  83  8:38  Zealot x2  
  83  8:40  Probe  
  88  8:43  Probe  
  88  8:45  Probe  
  91  8:48  Probe  
  91  8:55  Probe  
  93  8:57  Probe  
  93  8:59  Probe  
  93  9:02  Stalker x2  
  97  9:03  Stalker x2  
  97  9:07  Probe  
  101  9:11  Probe  
  101  9:14  Stalker x2  
  105  9:20  Assimilator  
  105  9:23  Assimilator  
  105  9:28  Stalker x3  
  105  9:29  Stalker  
  114  9:31  Probe x3  
  114  9:35  Pylon  
  116  9:50  Protoss Ground Weapons Level 1 (Chrono Boost), Pylon, Protoss Ground Armor Level 1 (Chrono Boost)  
  116  9:52  Disruptor, Pylon  
  116  9:54  Pylon  
  116  9:56  Pylon  
  116  9:59  High Templar x3  
  125  10:04  Archon  
  125  10:13  Pylon  
  125  10:14  Zealot x2, Pylon  
  125  10:15  Zealot  
  131  10:21  Psionic Storm  
  131  10:33  High Templar  
  131  10:34  High Templar x2  
  131  10:35  High Templar  
  139  10:36  Zealot x2  
  139  10:40  Probe x3  
  146  10:52  Probe x3  
  146  10:55  Nexus  
  149  10:58  Pylon  
  149  10:59  Pylon  
  149  11:03  Stalker x2  
  149  11:04  Probe x3  
  155  11:16  Probe  
  154  11:30  High Templar x5  
  154  11:32  Nexus  
  164  11:33  Zealot  
  164  11:35  Pylon  
  164  11:37  Pylon  
  166  12:04  Gateway  
  166  12:06  Gateway  
  166  12:10  Gateway  
  166  12:11  Gateway x2  
  166  12:12  Gateway  
  166  12:14  Gateway  
  166  12:15  Gateway, High Templar x2  
  166  12:16  High Templar x3  
  166  12:17  Gateway  
  166  12:18  Zealot, Assimilator  
  166  12:19  Gateway  
  166  12:20  Archon x2  
  178  12:22  Assimilator  
  178  12:26  Gateway  
  178  12:31  Pylon  
  178  12:38  Pylon x2  
  178  12:42  Pylon x2  
  178  12:45  Protoss Ground Weapons Level 2 (Chrono Boost), Pylon  
  178  12:46  High Templar  
  178  12:48  Zealot x3  
  178  12:49  Zealot x2  
  178  12:50  Protoss Ground Armor Level 2 (Chrono Boost)  
  190  13:06  Photon Cannon  
  190  13:10  Photon Cannon  
  190  13:11  Shield Battery  
  190  13:14  Zealot  
  190  13:15  Zealot x4  
  132  14:41  Archon x2  
  132  14:45  Archon  
  128  14:46  Archon x2  
  128  14:48  Zealot x4  
  128  14:49  Zealot x7  
  128  14:50  Zealot x6  
  162  14:58  Nexus  
  162  15:01  Pylon  
  162  15:03  Pylon  
  162  15:05  Pylon  
  160  15:16  Stalker  
  160  15:17  Zealot x4, Stalker x2  
  160  15:18  Zealot  
  160  15:19  High Templar x2  
  160  15:20  High Templar x6  
  186  15:26  Photon Cannon  
  184  15:28  Photon Cannon  
  184  15:30  Photon Cannon  
  184  15:31  Shield Battery  
  178  15:42  Assimilator  
  174  15:46  Assimilator  
  154  16:08  High Templar x4  
  154  16:09  High Templar x7  
  154  16:10  High Templar x5  
  186  16:14  Archon  
  186  16:15  Archon x3  
  186  16:16  Archon  
  186  16:26  Zealot  
  188  16:45  Zealot x2  
  188  16:46  Zealot x4  
  200  16:47  Nexus  
  200  16:49  Pylon  
  200  16:51  Pylon  
Show
View Real Time Build Order
Export as new Build Order

Bacaladitos Protoss - Winner!

Build Orders: 1 Gate Expand, Carriers 

Get SALT Encoding   

  12  0:02  Probe  
  13  0:14  Probe  
  14  0:22  Pylon  
  14  0:26  Probe  
  15  0:40  Probe  
  16  0:44  Gateway  
  16  0:52  Probe, Assimilator  
  17  1:04  Probe (Chrono Boost)  
  18  1:14  Probe (Chrono Boost)  
  19  1:19  Probe (Chrono Boost)  
  20  1:30  Probe  
  21  1:35  Nexus  
  21  1:43  Cybernetics Core  
  21  1:49  Pylon  
  21  1:50  Probe  
  22  1:56  Assimilator  
  22  2:02  Probe  
  23  2:14  Probe  
  24  2:26  Probe  
  24  2:27  Stargate  
  25  2:33  Pylon  
  25  2:38  Probe  
  26  2:49  Stargate  
  26  2:50  Probe  
  27  2:55  Assimilator  
  27  2:59  Assimilator  
  27  3:08  Probe  
  27  3:09  Probe  
  29  3:20  Probe  
  29  3:21  Probe  
  31  3:27  Void Ray x2 (Chrono Boost)  
  31  3:32  Probe  
  31  3:33  Probe  
  41  3:44  Probe  
  41  3:45  Probe  
  43  4:01  Probe x2  
  45  4:03  Void Ray x2 (Chrono Boost)  
  53  4:18  Pylon  
  53  4:19  Pylon  
  53  4:34  Void Ray x2  
  61  4:48  Fleet Beacon  
  67  5:57  Carrier  
  67  6:33  Carrier  
  65  6:50  Nexus  
  65  6:53  Flux Vanes  
  65  7:01  Stargate  
  65  7:02  Stargate  
  65  7:13  Pylon  
  65  7:16  Pylon  
  65  7:23  Forge  
  65  7:32  Carrier  
  71  7:55  Probe  
  71  7:56  Probe  
  73  8:06  Carrier x3  
  73  8:08  Probe x2  
  73  8:12  Protoss Air Weapons Level 1  
  93  8:20  Probe x2  
  93  8:21  Assimilator  
  93  8:25  Assimilator  
  95  8:30  Photon Cannon  
  95  8:32  Probe x2, Photon Cannon  
  97  8:34  Probe, Photon Cannon  
  98  8:44  Probe x2  
  98  8:45  Pylon x2  
  98  8:46  Probe  
  98  8:47  Pylon  
  101  8:50  Pylon  
  101  8:52  Stargate, Pylon  
  101  9:03  Probe x3  
  101  9:04  Carrier  
  110  9:15  Probe  
  103  9:29  Mothership (Chrono Boost)  
  111  9:45  Tempest  
  111  9:48  Tempest  
  121  10:06  Cybernetics Core  
  121  10:14  Protoss Air Armor Level 1  
  121  10:31  Tempest x2  
  121  10:32  Tempest  
  136  10:43  Pylon  
  136  10:46  Pylon  
  136  10:50  Pylon  
  136  10:51  Pylon  
  136  10:53  Pylon  
  136  10:55  Pylon  
  136  10:58  Pylon  
  136  11:01  Carrier  
  142  11:05  Pylon  
  142  11:15  Nexus  
  142  11:18  Probe x3  
  143  11:25  Assimilator  
  145  11:29  Assimilator  
  145  11:30  Probe x2  
  145  11:31  Probe  
  148  11:35  Photon Cannon  
  148  11:36  Photon Cannon  
  148  11:37  Photon Cannon  
  148  11:39  Photon Cannon  
  148  11:42  Probe  
  148  11:43  Probe  
  148  11:44  Shield Battery x2  
  150  11:51  Shield Battery  
  150  12:03  Photon Cannon  
  150  12:04  Photon Cannon x2  
  150  12:06  Photon Cannon  
  150  12:09  Photon Cannon x2  
  150  12:12  Carrier  
  156  12:21  Shield Battery  
  156  12:31  Probe x4  
  160  12:38  Void Ray  
  160  12:42  Tempest  
  160  12:43  Probe x3, Carrier  
  160  12:44  Probe  
  179  12:57  Probe x3  
  182  13:16  Carrier  
  188  13:21  Tempest, Protoss Air Weapons Level 2  
  188  13:22  Protoss Air Armor Level 2  
  193  13:45  Tempest  
  177  14:48  Mothership  
  168  16:12  Void Ray  
  168  16:17  Tempest, Carrier  
  168  16:18  Tempest  
  188  16:33  Robotics Facility  
Show
View Real Time Build Order
Export as new Build Order

qqq Terran 

Build Orders: 2 Factory, Cyclone Opening 

Get SALT Encoding   

  12  0:08  SCV  
  13  0:20  SCV  
  14  0:26  Supply Depot  
  14  0:32  SCV  
  14  0:33  Refinery  
  15  0:48  SCV  
  15  0:49  Barracks  
  16  0:58  Refinery  
  16  1:00  SCV  
  17  1:12  SCV  
  18  1:24  SCV  
  19  1:36  SCV  
  20  1:43  Factory  
  20  1:48  SCV  
  21  2:00  SCV  
  22  2:13  Command Center  
  22  2:16  SCV  
  23  2:28  Factory Tech Lab  
  23  2:33  Supply Depot  
  23  2:55  SCV, Supply Depot  
  23  2:56  Cyclone  
  27  3:07  SCV  
  28  3:19  SCV  
  29  3:21  Factory  
  29  3:28  Cyclone  
  32  3:37  Factory  
  32  3:40  SCV  
  33  3:43  SCV  
  34  3:52  SCV  
  35  4:01  Cyclone  
  35  4:02  SCV  
  39  4:04  SCV  
  39  4:06  Factory Tech Lab  
  40  4:10  Supply Depot  
  40  4:20  SCV  
  41  4:35  Factory Tech Lab, Armory  
  41  4:36  Command Center  
  41  4:41  Cyclone  
  41  4:43  SCV  
  45  4:46  SCV  
  45  4:52  Cyclone  
  49  4:55  SCV  
  50  5:02  Cyclone  
  50  5:04  SCV  
  54  5:09  Refinery, SCV  
  55  5:16  SCV  
  55  5:18  Cyclone  
  59  5:25  Orbital Command  
  55  5:51  Mag-Field Accelerator  
  55  5:56  SCV  
  56  5:57  Refinery  
  56  5:59  SCV  
  56  6:01  Cyclone  
  60  6:07  SCV  
  60  6:09  SCV  
  62  6:11  SCV  
  63  6:20  SCV  
  63  6:21  SCV  
  63  6:23  SCV  
  66  6:32  SCV  
  67  6:38  Engineering Bay  
  67  6:41  Cyclone  
  67  6:42  Cyclone  
  67  6:43  Cyclone  
  67  6:44  SCV  
  77  6:49  Refinery  
  77  6:53  SCV  
  77  6:54  SCV  
  76  6:56  SCV  
  77  7:09  SCV x3  
  77  7:38  SCV x2, Cyclone x3  
  73  7:50  SCV  
  73  7:51  SCV x2  
  76  7:59  Supply Depot  
  76  8:00  Missile Turret  
  76  8:02  SCV  
  76  8:04  Missile Turret  
  77  8:10  Refinery  
  77  8:12  Refinery  
  77  8:15  Supply Depot  
  77  8:21  Cyclone x2, SCV x2  
  77  8:22  Missile Turret  
  77  8:23  Supply Depot  
  77  8:26  Missile Turret  
  85  8:37  Thor  
  85  8:40  Supply Depot  
  85  8:41  Command Center  
  91  8:48  Supply Depot  
  91  8:53  Cyclone x2  
  97  9:04  Supply Depot  
  94  9:20  Widow Mine  
  81  9:25  Widow Mine x2  
  81  9:30  Missile Turret  
  82  9:34  SCV  
  83  9:39  SCV x2  
  83  9:41  Thor  
  83  9:43  Terran Vehicle Weapons Level 1  
  91  9:46  SCV, Thor  
  91  9:51  SCV  
  91  9:52  SCV  
  100  9:58  SCV  
  101  10:01  Factory  
  101  10:10  SCV, Planetary Fortress  
  102  10:14  Refinery  
  102  10:23  SCV x2  
  102  10:24  SCV  
  102  10:25  Thor  
  102  10:27  Sensor Tower  
  111  10:35  SCV x2  
  111  10:40  Refinery, Thor  
  119  10:48  Thor  
  125  10:52  Factory Reactor  
  125  10:58  SCV x4  
  124  11:10  SCV x4  
  125  11:22  SCV x3  
  116  11:28  Thor  
  116  11:29  Thor  
  128  11:34  SCV  
  128  11:35  SCV x3  
  128  11:37  Terran Vehicle And Ship Armor Level 1  
  132  11:47  SCV x4  
  136  11:58  Widow Mine x2  
  140  12:04  Orbital Command  
  140  12:06  Orbital Command  
  140  12:08  Command Center  
  140  12:24  Supply Depot  
  140  12:27  Supply Depot  
  140  12:45  Thor  
  140  12:46  Widow Mine  
  140  12:47  Supply Depot  
  140  12:48  Thor  
  140  12:49  Widow Mine  
  156  12:51  Supply Depot  
  156  13:09  Widow Mine x2  
  156  13:10  Widow Mine  
  156  13:11  Supply Depot  
  162  13:14  Smart Servos  
  162  13:16  Missile Turret  
  162  13:20  Missile Turret  
  162  13:25  Planetary Fortress  
  162  13:29  Widow Mine  
  162  13:30  Widow Mine x2  
  162  13:31  Widow Mine x2, Terran Vehicle Weapons Level 2  
  162  13:32  SCV x3  
  162  13:34  Supply Depot  
  175  13:37  Missile Turret  
  175  13:40  Missile Turret  
  175  13:50  Widow Mine  
  175  13:52  Widow Mine x2, Thor x2  
  193  13:58  Missile Turret  
  193  13:59  Supply Depot  
  193  14:00  Missile Turret  
  193  14:09  Missile Turret  
  193  14:10  Missile Turret  
  193  14:11  Missile Turret, Thor  
  193  14:13  SCV, Missile Turret  
  200  14:17  Missile Turret  
  200  14:18  Missile Turret  
  200  14:22  Supply Depot  
  200  14:24  Supply Depot  
  168  14:35  Thor x2  
  168  14:38  Missile Turret  
  150  14:39  SCV  
  139  14:46  Missile Turret, Supply Depot  
  139  14:47  Command Center  
  139  14:51  SCV  
  138  14:54  Siege Tank  
  138  14:58  Missile Turret  
  137  15:06  Widow Mine x2, Missile Turret  
  141  15:10  Supply Depot  
  137  15:18  Widow Mine, Siege Tank  
  138  15:26  Widow Mine  
  138  15:28  Widow Mine x2  
  138  15:34  Supply Depot  
  129  15:40  Widow Mine  
  128  15:48  Widow Mine  
  128  15:49  Widow Mine x2  
  127  15:51  Widow Mine  
  119  15:57  Supply Depot  
  119  16:01  Widow Mine  
  121  16:09  Widow Mine  
  121  16:10  Widow Mine  
  121  16:11  Widow Mine  
  127  16:12  Widow Mine  
  127  16:16  Factory  
  129  16:23  Widow Mine  
  129  16:25  Factory  
  131  16:30  Thor  
  131  16:32  Hellion x2  
  141  16:33  Thor  
  147  16:44  Widow Mine  
  140  16:53  Widow Mine x2  
  121  17:05  Widow Mine  
  123  17:13  Hellion  
  123  17:15  Widow Mine x2  
Show
View Real Time Build Order
Export as new Build Order

Massa Terran 

Build Orders:  

Get SALT Encoding   

  12  0:00  SCV  
  13  0:12  SCV  
  14  0:23  Supply Depot  
  14  0:25  SCV  
  15  0:32  Refinery  
  15  0:45  SCV  
  15  0:46  Barracks  
  16  0:57  SCV  
  17  1:09  SCV  
  18  1:21  SCV  
  19  1:33  SCV, Reaper  
  21  1:40  Command Center  
  21  1:48  Orbital Command  
  21  2:24  Factory  
  21  2:25  Supply Depot  
  21  2:28  Barracks Reactor  
  21  2:41  SCV  
  22  2:53  SCV  
  22  3:09  Orbital Command  
  22  3:10  SCV  
  22  3:12  Factory Tech Lab  
  23  3:15  Engineering Bay  
  23  3:17  Marine  
  23  3:18  Marine  
  25  3:22  SCV, Barracks  
  26  3:32  Supply Depot  
  26  3:33  Supply Depot  
  26  3:34  SCV  
  26  3:35  Starport, Marine x2  
  26  3:39  SCV  
  30  3:43  Cyclone  
  30  3:46  SCV  
  34  3:53  Marine x2  
  36  4:06  Missile Turret  
  36  4:11  Missile Turret  
  36  4:13  Barracks Tech Lab  
  36  4:18  Refinery  
  36  4:20  Medivac  
  38  4:26  Missile Turret  
  38  4:30  Refinery, SCV x2  
  40  4:33  Missile Turret  
  40  4:41  Command Center  
  40  4:42  SCV  
  41  4:47  Missile Turret  
  41  4:53  Missile Turret  
  41  4:55  Missile Turret  
  41  4:59  Stimpack  
  41  5:00  Marine x3  
  44  5:17  Terran Infantry Weapons Level 1  
  44  5:18  Marine x2  
  44  5:19  Marauder  
  44  5:21  Starport Reactor  
  48  5:28  Refinery  
  48  5:35  Cyclone  
  51  5:53  SCV x2  
  51  5:54  Orbital Command  
  51  6:05  SCV x2  
  53  6:16  Marauder, Marine x2  
  53  6:17  SCV x2  
  59  6:19  Cyclone  
  62  6:37  Marauder  
  64  6:42  Marine x2  
  66  6:48  Barracks  
  66  6:49  Medivac x2  
  66  6:51  Barracks  
  70  6:59  Marauder  
  72  7:13  Sensor Tower  
  72  7:16  Sensor Tower  
  72  7:17  Combat Shield  
  72  7:19  Viking x2  
  76  7:30  Barracks x2  
  76  7:31  Marine  
  76  7:32  Barracks  
  77  7:37  Supply Depot  
  77  7:38  Barracks  
  77  7:58  SCV x2, Marine, Cyclone  
  77  7:59  Marauder  
  77  8:00  Supply Depot x2  
  85  8:08  Supply Depot  
  85  8:09  Terran Infantry Armor Level 1  
  85  8:12  Orbital Command  
  85  8:13  Barracks Tech Lab  
  85  8:14  Barracks Reactor  
  85  8:20  Barracks Tech Lab  
  85  8:21  Barracks Reactor, SCV x2  
  85  8:25  Marauder  
  89  8:33  SCV x2  
  91  8:36  Concussive Shells  
  91  8:37  Barracks Tech Lab  
  91  8:40  SCV  
  92  8:45  SCV x2  
  94  8:48  Missile Turret  
  94  8:52  SCV  
  94  8:53  Missile Turret  
  95  8:57  Refinery  
  95  9:03  Marauder  
  95  9:04  Marauder x3, Marine  
  95  9:05  Barracks Tech Lab  
  95  9:07  Marine x2  
  95  9:09  Missile Turret  
  106  9:23  Armory  
  106  9:25  Marauder  
  106  9:26  Engineering Bay  
  106  9:31  Missile Turret  
  108  9:34  Supply Depot x2  
  108  9:39  Supply Depot  
  108  9:46  Missile Turret  
  108  9:49  Sensor Tower  
  108  9:54  Marine  
  108  9:55  Marauder, Marine x3, Siege Tank  
  108  9:56  Marauder x2, Medivac x2  
  125  10:00  Marauder x2, Supply Depot  
  125  10:02  Supply Depot  
  125  10:04  Supply Depot  
  125  10:06  Missile Turret  
  129  10:11  SCV x3  
  132  10:22  Marauder x3  
  132  10:23  SCV x2, Marauder  
  132  10:24  Marine  
  132  10:26  Medivac x2, Supply Depot  
  132  10:27  Missile Turret, Siege Tank  
  132  10:28  Supply Depot  
  150  10:29  Marine x3  
  150  10:30  Marine  
  150  10:31  Marine  
  155  10:41  Terran Infantry Armor Level 2, Terran Infantry Weapons Level 2  
  155  10:44  SCV x2  
  155  10:48  SCV  
  158  10:59  Supply Depot  
  158  11:00  Supply Depot x2  
  158  11:01  Supply Depot  
  158  11:11  Refinery  
  158  11:24  Command Center, Supply Depot  
  158  11:25  Supply Depot  
  158  11:27  SCV x2, Supply Depot  
  158  11:28  SCV  
  158  11:32  Marauder  
  163  11:33  Marauder  
  163  11:34  Marine  
  163  11:35  Marine  
  163  11:38  Terran Vehicle And Ship Armor Level 1  
  163  11:39  SCV x2, Command Center  
  169  11:40  SCV  
  169  11:46  Marauder x2  
  174  11:51  SCV  
  175  12:05  Thor  
  181  12:10  Factory  
  181  12:14  Factory  
  181  12:17  Factory  
  181  12:20  Factory  
  181  12:25  Marine x2  
  181  12:26  Marine x4  
  187  12:39  Planetary Fortress  
  187  12:40  Missile Turret  
  187  12:47  Thor  
  193  12:54  Sensor Tower  
  193  12:55  Smart Servos  
  193  12:59  Terran Infantry Armor Level 3  
  193  13:02  Missile Turret  
  193  13:03  Factory Tech Lab x2  
  193  13:05  Factory Tech Lab  
  193  13:13  Refinery  
  193  13:14  SCV x3  
  193  13:16  Refinery, SCV  
  193  13:18  Planetary Fortress  
  197  13:23  Missile Turret x2  
  197  13:26  SCV x2  
  199  13:33  Terran Vehicle Weapons Level 1  
  199  13:43  Missile Turret  
  199  14:05  Missile Turret  
  181  14:13  Thor x3  
  184  14:26  Missile Turret  
  157  14:36  Thor  
  105  14:51  Viking  
  105  14:52  Viking  
  103  14:54  Marine x11  
  103  14:55  Thor x2  
  103  14:57  Factory Tech Lab  
  126  15:11  Marine  
  126  15:12  Marine x4  
  130  15:21  Viking  
  130  15:22  Viking  
  130  15:26  Marauder x2, Marine x3  
  130  15:27  Thor x2  
  145  16:08  Thor x3  
  128  16:14  Viking  
  127  16:22  Marine x2  
  127  16:23  Marine x9  
  138  16:38  Sensor Tower  
  138  16:40  Marine  
Tags
 
Add a new tag
Caveats
  • Supply blocks, unpowered buildings, or Contaminate may cause inaccurate times.
  • Supply counts are checked every 10 seconds.